 Dungeon Crawl Stone Soup version 0.21-a0-401-g0b6bec4 (webtiles) character file.

5227 Kavrick the Fighter (level 10, -20/107 HPs)
             Began as an Ogre Fighter on Oct 22, 2017.
             Was an Elder of Okawaru.
             Killed from afar by a green death (21 damage)
             ... with a poison arrow
             ... on level 1 of the Abyss.
             The game lasted 00:22:27 (12324 turns).

Kavrick the Fighter (Ogre Fighter)                 Turns: 12324, Time: 00:22:28

Health: -20/107    AC:  7    Str: 24    XL:     10   Next: 61%
Magic:  13/13      EV: 11    Int:  9    God:    Okawaru [****..]
Gold:   445        SH: 10    Dex:  9    Spells: 9/9 levels left

rFire    + . .     SeeInvis +   g - +0 broad axe
rCold    + . .     Gourm    .   c - +0 shield
rNeg     . . .     Faith    .   z - +2 robe {rC+ rF+}
rPois    .         Spirit   .   (helmet restricted)
rElec    .         Reflect  .   d - +1 cloak
rCorr    .         Harm     .   (gloves unavailable)
MR       +....                  (boots unavailable)
Stlth    +.........             (no amulet)
HPRegen  0.27/turn              b - ring of see invisible
MPRegen  0.13/turn              (no ring)

@: lethally poisoned (-20 -> -75)
A: unfitting armour, tough skin 1
a: Heroism, Renounce Religion


You were on level 1 of the Abyss.
You worshipped Okawaru.
Okawaru was greatly pleased with you.
You were not hungry.

You visited 1 branch of the dungeon, and saw 8 of its levels.
You visited the Abyss 1 time.

You collected 557 gold pieces.
You spent 112 gold pieces at shops.

Inventory:

Hand Weapons
 a - a +0 war axe
 g - a +0 broad axe (weapon)
Missiles
 v - 4 throwing nets (quivered)
Armour
 c - a +0 shield (worn)
 d - a +1 cloak (worn)
 z - a +2 robe of resistance (worn)
Jewellery
 b - a ring of see invisible (left hand)
 q - a cursed ring of teleportation {unknown}
Wands
 r - a wand of confusion (11/48)
 x - a wand of acid (11/15)
Scrolls
 e - a scroll of noise
 h - 10 scrolls of remove curse
 p - a scroll of fear
 s - a scroll of blinking
 w - 2 scrolls of teleportation
 y - 3 scrolls of enchant armour
 A - 3 scrolls of identify
 B - 2 scrolls of amnesia
 D - a scroll of immolation {unknown}
 E - a scroll of recharging
Potions
 i - 2 potions of cancellation {unknown}
 m - a potion of brilliance
 n - 2 potions of heal wounds {unknown}
 o - 2 potions of haste
 t - a potion of resistance {unknown}
 u - 2 potions of ambrosia
Comestibles
 f - 4 bread rations
 k - 3 royal jellies
 l - 3 meat rations
 C - 11 fruits


   Skills:
 + Level 9.0 Fighting
 * Level 8.8 Axes
 + Level 5.0 Armour
 + Level 6.1 Dodging
 + Level 6.2 Shields
 - Level 4.0 Invocations


You had 9 spell levels left.
You didn't know any spells.

Dungeon Overview and Level Annotations

Branches:
Dungeon (8/15)             Temple (0/1) D:7
   Lair: D:8-11

Altars:
Fedhas
Nemelex Xobeh
Okawaru
Trog
Uskayaw
Wu Jian
Yredelemnul
The Shining One

Shops:
D:4 *?=(!


Innate Abilities, Weirdness & Mutations

You are too large for most types of armour.
You have tough skin. (AC +1)


Message History

You feel very sick.
You feel very sick.
You feel very sick.
* * * LOW HITPOINT WARNING * * *
You feel very sick.
Found a royal jelly.
* * * LOW HITPOINT WARNING * * *
You feel sick.
* * * LOW HITPOINT WARNING * * *
You feel very sick. The green death gestures at you.
The bolt of poison hits you!
You are lethally poisoned!
* * * LOW HITPOINT WARNING * * *
* * * LOW HITPOINT WARNING * * *
You feel very sick. The green death gestures at you. The poison arrow hits you!
You are more poisoned.
You die...

.# #.# # #.# .
#. #2# #.##. #.#
...... #.
#...##########.#
#.........2...##
#.##@.###......#
#.#..#..#. ..#
...#.##..#.#..#
#%#..####..
.#.## .. ...
##.## .... ..
...# ##.. .# . .
..## .........#.
... # # # #. # #


You could see a green death.

Vanquished Creatures
  Pikel (D:6)
  Grinder (D:5)
  The ghost of p0werm0de the Chopper, an amateur GrCK of Xom (D:4)
  A hippogriff (D:8)
  Sigmund (D:6)
  Menkaure (D:6)
  Edmund (D:3)
  Duvessa (D:7)
  A slave (D:6)
  3 ice beasts
  4 orc warriors
  A necrophage (D:5)
  4 ogres
  4 phantoms
  2 centaurs
  3 bullfrogs
  5 scorpions
  Dowan (D:7)
  4 killer bees (D:8)
  2 howler monkeys
  A bullfrog zombie (D:5)
  2 crimson imps (D:5)
  A quasit (D:5)
  A jelly (D:5)
  4 orc priests
  Crazy Yiuf (D:3)
  4 hounds
  5 orc wizards
  2 bullfrog skeletons
  Jessica (D:3)
  5 worker ants
  4 iguanas
  Natasha (thrice) (D:2)
  2 hell rats (D:7)
  A hound zombie (D:7)
  A worker ant zombie (D:5)
  Robin (D:2)
  13 gnolls
  A howler monkey skeleton (D:7)
  4 adders
  10 river rats (D:7)
  2 worms (D:3)
  2 dart slugs
  5 leopard geckos
  32 orcs
  3 giant cockroaches
  2 gnoll zombies (D:5)
  7 hobgoblins
  5 jackals (D:4)
  9 kobolds
  8 quokkas
  4 bats (D:3)
  3 frilled lizards
  A giant cockroach zombie (D:3)
  12 goblins
  23 rats
  A bush (D:6)
  2 plants
230 creatures vanquished.

Vanquished Creatures (others)
  A slave (D:7)
  A big kobold (D:6)
  An iron imp (D:6)
  4 kobolds (D:6)
  A goblin skeleton (D:6)
  2 goblin zombies (D:6)
  A hobgoblin zombie (D:6)
  3 kobold skeletons (D:6)
  2 kobold zombies (D:6)
  3 orc skeletons (D:6)
  An orc zombie (D:6)
  A plant (D:2)
21 creatures vanquished.

Grand Total: 251 creatures vanquished

Notes
Turn   | Place    | Note
-------+----------+-------------------------------------------
     0 | D:1      | Kavrick the Ogre Fighter began the quest for the Orb.
     0 | D:1      | Reached XP level 1. HP: 24/24 MP: 1/1
   425 | D:1      | Reached XP level 2. HP: 25/32 MP: 2/2
  1020 | D:2      | Noticed Robin
  1248 | D:2      | Killed Robin
  1248 | D:2      | Reached XP level 3. HP: 24/40 MP: 3/3
  1626 | D:2      | Noticed Natasha
  1643 | D:2      | Killed Natasha
  1643 | D:2      | Reached skill level 1 in Armour
  1643 | D:2      | Reached XP level 4. HP: 14/49 MP: 4/4
  2477 | D:2      | Noticed Natasha
  2483 | D:2      | Killed Natasha
  2492 | D:2      | Noticed Natasha
  2618 | D:2      | Killed Natasha
  2737 | D:3      | Found an iron altar of Okawaru.
  2739 | D:3      | Found a hide-covered altar of Uskayaw.
  2746 | D:3      | Became a worshipper of Warmaster Okawaru
  2761 | D:3      | Found a sparkling altar of Nemelex Xobeh.
  2777 | D:3      | Found a runed door.
  2806 | D:3      | Reached XP level 5. HP: 46/55 MP: 5/5
  3444 | D:3      | Reached skill level 5 in Fighting
  3738 | D:3      | Noticed Jessica
  3750 | D:3      | Killed Jessica
  3750 | D:3      | Reached XP level 6. HP: 43/66 MP: 6/6
  4089 | D:3      | You fall through a shaft!
  4108 | D:4      | Found Xuupol's Magic Scroll Shoppe.
  4245 | D:3      | Noticed Crazy Yiuf
  4617 | D:4      | Found Sumuis's Antique Weapon Boutique.
  4623 | D:4      | Noticed p0werm0de's ghost (amateur GrCK)
  4625 | D:4      | Noticed Edmund
  4655 | D:3      | Killed Edmund
  4901 | D:4      | Killed p0werm0de's ghost
  4901 | D:4      | Reached * piety under Okawaru
  4901 | D:4      | Reached XP level 7. HP: 16/74 MP: 4/7
  5167 | D:3      | Killed Crazy Yiuf
  5456 | D:4      | Bought a broad axe for 112 gold pieces
  5460 | D:4      | Found a blossoming altar of Fedhas.
  5473 | D:4      | Found Ocajamp's Distillery.
  5765 | D:4      | Reached skill level 6 in Fighting
  5765 | D:4      | Reached skill level 5 in Axes
  5765 | D:4      | Reached skill level 1 in Invocations
  5942 | D:4      | Found Enom's General Store.
  6119 | D:4      | Found Pousiate's Jewellery Shoppe.
  6196 | D:4      | Reached XP level 8. HP: 64/83 MP: 9/9
  6600 | D:5      | Entered Level 5 of the Dungeon
  7133 | D:5      | Reached ** piety under Okawaru
  7506 | D:5      | Noticed Grinder
  7523 | D:5      | Paralysed by Grinder for 6 turns
  7532 | D:5      | Paralysed by Grinder for 7 turns
  7553 | D:5      | Killed Grinder
  7553 | D:5      | Reached skill level 7 in Fighting
  7553 | D:5      | Reached XP level 9. HP: 68/92 MP: 11/11
  7751 | D:5      | Found a basalt altar of Yredelemnul.
  7879 | D:6      | Noticed Menkaure
  7887 | D:5      | Reached skill level 5 in Shields
  8086 | D:6      | Killed Menkaure
  8110 | D:6      | Reached skill level 5 in Dodging
  8171 | D:6      | Reached *** piety under Okawaru
  8338 | D:6      | Noticed Pikel
  8392 | D:6      | Killed Pikel
  8427 | D:6      | Noticed Sigmund
  8691 | D:6      | Killed Sigmund
  8929 | D:6      | Found a glowing golden altar of the Shining One.
  9557 | D:7      | Reached skill level 8 in Fighting
  9558 | D:7      | Noticed Dowan
  9584 | D:7      | Killed Dowan
  9593 | D:7      | Noticed Duvessa
  9914 | D:7      | Killed Duvessa
 10061 | D:7      | Found a staircase to the Ecumenical Temple.
 10093 | D:7      | Reached XP level 10. HP: 86/104 MP: 13/13
 10197 | D:7      | Reached **** piety under Okawaru
 10334 | D:7      | Found a bloodstained altar of Trog.
 10334 | D:7      | Found an ornate altar of the Wu Jian Council.
 11538 | D:8      | HP: 5/106 [poisoned by a killer bee]
 11542 | D:8      | HP: 2/106 [poisoned by a killer bee]
 11972 | D:8      | Reached skill level 9 in Fighting
 11996 | D:8      | Reached skill level 5 in Armour
 12279 | D:8      | Cast into level 1 of the Abyss (orc warrior)
 12303 | Abyss:1  | Noticed a green death
 12323 | Abyss:1  | HP: 5/107 [green death/bolt of poison (21)]
 12324 | Abyss:1  | HP: 1/107 [poisoned by a green death (bolt of poison)]
 12324 | Abyss:1  | Killed from afar by a green death

Vault maps used:
D:1:      dpeg_arrival_long_road
D:2:      serial_forest, infiniplex_forest_diagonal,
          infiniplex_forest_clump_medium, infiniplex_forest_clump_large,
          infiniplex_forest_fountain, infiniplex_forest_clump_large,
          infiniplex_forest_clump_medium, infiniplex_forest_lined_3,
          minmay_crystal_water, uniq_natasha, uniq_robin
D:3:      overflow_temple_1_default, chequers_temple_overflow_statue_of_worship,
          kennysheep_cluttered_room, serial_bayou_lagoon_a,
          kennysheep_pointless_box, palyth_stone_intersect, uniq_jessica,
          uniq_crazy_yiuf_cottage
D:4:      serial_shops, shop, nicolae_shop_trees, shop_fountains, shop,
          nicolae_shop_behind_doors, first_bread, fedhas_bush_and_centaur_altar,
          uniq_edmund
D:5:      lemuel_zombie_altar_yredelemnul, uniq_grinder
D:6:      nicolae_tso_besieged_by_evil, lexackson_kobold_supper, uniq_pikel,
          uniq_menkaure, uniq_sigmund
D:7:      lemuel_ratsnest, gammafunk_temple_overflow_statue,
          minmay_temple_entry_statues_pillars, kennysheep_generic_room_3,
          uniq_duvessa
D:8:      special_room

Skill      XL: |  1  2  3  4  5  6  7  8  9 10 |
---------------+-------------------------------+-----
Armour         | 1 2 3 4 5 |  5.0
Dodging        | 3 4 5 6 |  6.1
Shields        | 3 4 5 6 |  6.2
Axes           | 3 4 5 6 7 8 |  8.8
Fighting       | 5 6 7 8 9 |  9.0
Invocations    | 1 3 4 |  4.0

Action                   |  1- 3 |  4- 6 |  7- 9 | 10-12 || total
-------------------------+-------+-------+-------+-------++-------
Melee: War axe           |    99 |   185 |    16 |       ||   300
       Broad axe         |       |       |   330 |   289 ||   619
Invok: Heroism           |       |       |     3 |     7 ||    10
  Use: Scroll            |       |     7 |     9 |       ||    16
       Potion            |       |     3 |     1 |     1 ||     5
  Eat: Chunk             |     2 |     9 |    14 |     8 ||    33
       Bread ration      |       |     1 |       |       ||     1
Armor: Robe              |    13 |    35 |   113 |    51 ||   212
       Skin              |       |     8 |       |       ||     8
Dodge: Dodged            |    30 |    44 |   123 |    99 ||   296
Block: Shield            |    47 |    74 |   174 |   153 ||   448

Table legend:
 A = Spawn XP
 B = Non-spawn XP
 C = Spawn XP percentage of total XP
 D = Spawn monster count
 E = Non-spawn monster count
 F = Spawn count percentage of total count
 G = Total turns spent on level
                    A         B        C        D         E        F      G
               +---------+---------+-------+---------+---------+-------+---------
         Total |       0 |    7468 |   0.0 |       0 |     226 |   0.0 | 12324
               +---------+---------+-------+---------+---------+-------+---------
           D:1 |       0 |      15 |   0.0 |       0 |       9 |   0.0 |  1061
           D:2 |       0 |     176 |   0.0 |       0 |      19 |   0.0 |  2152
           D:3 |       0 |     367 |   0.0 |       0 |      32 |   0.0 |  2091
           D:4 |       0 |     735 |   0.0 |       0 |      21 |   0.0 |  1433
           D:5 |       0 |    1479 |   0.0 |       0 |      34 |   0.0 |  1578
           D:6 |       0 |    1508 |   0.0 |       0 |      16 |   0.0 |  1531
           D:7 |       0 |    1423 |   0.0 |       0 |      55 |   0.0 |  1279
           D:8 |       0 |    1765 |   0.0 |       0 |      40 |   0.0 |  1154
               +---------+---------+-------+---------+---------+-------+---------
